 Dungeon Crawl Stone Soup version 0.18-a0-917-g8a3da5b (webtiles) character file.

797 M4edhros the Sneak (level 7, -4/47 HPs)
             Began as an Octopode Artificer on Dec 26, 2015.
             Slain by George's ghost (20 damage)
             ... on level 6 of the Dungeon.
             The game lasted 00:05:24 (4466 turns).

M4edhros the Sneak (Octopode Artificer)             Turns: 4466, Time: 00:05:25

Health: -4/47      AC:  1    Str: 10    XL:     7   Next: 89%
Magic:  10/10      EV: 13    Int: 17    God:
Gold:   145        SH:  0    Dex: 12    Spells: 0 memorised, 6 levels left

rFire  . . .     SeeInvis .     p - +3 hunting sling
rCold  + . .     Gourm    .     (no shield)
rNeg   . . .     Faith    .     (helmet restricted)
rPois  .         Spirit   .     (no amulet)
rElec  .         Dismiss  .     (no ring)
rCorr  .         Reflect  .     (no ring)
SustAt .         Harm     .     (no ring)
MR     .....                    (no ring)
Stlth  ++++......               (no ring)
                                (no ring)
                                (no ring)
                                (no ring)

@: not resistant to hostile enchantments, stealthy
A: almost no armour, amphibious, 8 rings, constrict 8, camouflage 1, cold
resistance 1, mutation resistance 1, robust 1, screaming 1, gelatinous body 1
a: no special abilities


You were on level 6 of the Dungeon.
You were hungry.

You visited 1 branch of the dungeon, and saw 6 of its levels.

You collected 145 gold pieces.

Inventory:

Hand Weapons
 a - a +0 short sword
 m - a +0 hunting sling
 p - a +3 hunting sling (weapon)
Missiles
 l - 51 stones
 o - 39 sling bullets (quivered)
Wands
 b - a wand of flame (0/48)
 c - a wand of enslavement (9/24)
 d - a wand of random effects (6/48)
Scrolls
 e - a scroll of random uselessness {unknown}
 k - a scroll of remove curse
 q - 3 scrolls of magic mapping
 r - 3 scrolls of teleportation
 s - a scroll of amnesia {unknown}
 v - a scroll of summoning {unknown}
 x - a scroll of blinking {unknown}
 y - 7 scrolls of identify {unknown}
 z - 3 scrolls of enchant weapon {unknown}
Potions
 h - a potion of resistance
 n - 2 potions of agility
 t - 2 potions of brilliance {unknown}
 u - 2 potions of curing
Comestibles
 f - 4 bread rations
 g - 2 meat rations
 i - a slice of pizza
 j - 2 beef jerkies


   Skills:
 - Level 1.0 Fighting
 - Level 1.0 Short Blades
 * Level 4.9 Slings
 + Level 4.3 Dodging
 + Level 5.8 Stealth
 + Level 5.2 Evocations


You had 6 spell levels left.
You didn't know any spells.

Dungeon Overview and Level Annotations

Branches:
Dungeon (6/15)
 Temple: D:4-7

Altars:
Trog

Annotations:
D:6 George's ghost, novice GrGl


Innate Abilities, Weirdness & Mutations

You cannot wear most types of armour.
You are amphibious.
You can wear up to eight rings at the same time.
You can use your tentacles to constrict eight enemies at once.
Your skin changes colour to match your surroundings (Stealth).
Your rubbery body absorbs attacks (AC +1).
Your flesh is cold resistant.
You are somewhat resistant to further mutation.
You are robust (+10% HP).
You occasionally shout uncontrollably at your foes.


Message History

The bolt of negative energy hits George's ghost.
George's ghost completely resists.
George's ghost is severely damaged.
This wand has 8 charges left.
George's ghost hits you. George's ghost freezes you.
Evoke which item? (* to show all) (? for menu, Esc to quit)
Zapping:
d - a wand of random effects (8/48)
Press: ? - help, Shift-Dir - straight line, f/p - George's ghost
Aim: George's ghost, wielding a weapon of chaos (severely damaged)
The puff of flame hits George's ghost.
George's ghost appears unharmed.
George's ghost is severely damaged.
This wand has 7 charges left.
George's ghost barely misses you.
Evoke which item? (* to show all) (? for menu, Esc to quit)
Zapping:
d - a wand of random effects (7/48)
Press: ? - help, Shift-Dir - straight line, f/p - George's ghost
Aim: George's ghost, wielding a weapon of chaos (severely damaged)
The puff of flame hits George's ghost.
George's ghost appears unharmed.
George's ghost is severely damaged.
This wand has 6 charges left.
George's ghost hits you!
You are electrocuted!
You die...

.. #. #.#### #.#
#.#.#####.....
#.#####.............
###.##.....###.##.#### ###
##....#.###.# #)#..# #<.
.....#.# #.# #.#..# #.#
#.#.#..# #.###.#..####
#.####..###.###...)........
#......#..@W.)......#..####
#..###...###.########..#
#######..# #.#†#
#..>........#### #........#
#...###.#########.....
#.#####..# ###.....# ######
#.## ##.#.## #.# #†#.# #
#.#######.#.# #
##........>..# #


You could see George's ghost.

Vanquished Creatures
  A phantom (D:5)
  An ogre (D:5)
  2 centaurs (D:5)
  A sky beast (D:5)
  A scorpion (D:6)
  3 hounds
  A centaur skeleton (D:5)
  3 worker ants
  2 adders
  A shadow imp (D:6)
  10 giant geckos
  9 orcs
  2 ball pythons
  4 bats
  3 giant cockroaches
  2 goblins
  6 hobgoblins
  16 jackals
  2 kobolds
  7 rats
77 creatures vanquished.

Vanquished Creatures (collateral kills)
  An orc wizard (D:6)
  A hound (D:6)
  An orc (D:6)
  A hobgoblin (D:2)
  A goblin (D:2)
  A jackal skeleton (D:4)
6 creatures vanquished.

Vanquished Creatures (others)
  An orc warrior (D:6)
  An adder (D:2)
  An orc (D:3)
3 creatures vanquished.

Grand Total: 86 creatures vanquished

Notes
Turn   | Place    | Note
--------------------------------------------------------------
     0 | D:1      | M4edhros the Octopode Artificer began the quest for the Orb.
     0 | D:1      | Reached XP level 1. HP: 13/13 MP: 3/3
   293 | D:1      | Reached XP level 2. HP: 8/18 MP: 4/4
  1320 | D:2      | Reached XP level 3. HP: 16/23 MP: 5/5
  1806 | D:3      | Reached skill level 1 in Slings
  1922 | D:3      | HP: 1/23 [orc/flail (7)]
  2346 | D:4      | Reached XP level 4. HP: 10/28 MP: 6/6
  2630 | D:4      | Reached skill level 4 in Evocations
  2630 | D:4      | Reached XP level 5. HP: 33/33 MP: 6/8
  2829 | D:4      | Found a bloodstained altar of Trog.
  3086 | D:5      | Entered Level 5 of the Dungeon
  3224 | D:5      | Noticed a centaur
  3228 | D:5      | Killed a centaur
  3228 | D:5      | Reached XP level 6. HP: 38/38 MP: 9/9
  3322 | D:5      | Reached skill level 5 in Stealth
  3322 | D:5      | Reached XP level 7. HP: 10/43 MP: 10/10
  3757 | D:5      | Reached skill level 5 in Evocations
  3821 | D:5      | Gained mutation: You are robust (+10% HP). [mutagenic meat]
  3822 | D:5      | Gained mutation: You occasionally shout uncontrollably at your foes. [mutagenic meat]
  3823 | D:5      | Gained mutation: Your flesh is cold resistant. [mutagenic meat]
  3824 | D:5      | Gained mutation: You are somewhat resistant to further mutation. [mutagenic meat]
  4446 | D:6      | Noticed George's ghost (novice GrGl)
  4466 | D:6      | Slain by George's ghost

Vault maps used:
D:1:      evilmike_arrival_home_sweet_home, minivault_4
D:2:      lemuel_crystal_altar
D:3:      lemuel_crystal_altar
D:4:      first_bread, trog_butcher_becter
D:6:      minmay_temple_entry_enclosed_plants, nicolae_alphabet_shops

Action                   |  1- 3 |  4- 6 |  7- 9 || total
-------------------------+-------+-------+-------++-------
Melee: Short sword       |    18 |       |       ||    18
       Hunting sling     |     7 |       |       ||     7
 Fire: Hunting sling     |    88 |    98 |    90 ||   276
Evoke: Wand              |    12 |     1 |    17 ||    30
  Use: Potion            |       |     6 |       ||     6
       Scroll            |       |     4 |       ||     4
  Eat: Chunk             |     4 |     1 |     5 ||    10
       Meat ration       |       |     1 |       ||     1
